 Dungeon Crawl Stone Soup version 0.22-a0-525-gf69a080 (webtiles) character file.

37549 nikopol the Severer (level 13, -2/178 HPs)
             Began as a Minotaur Berserker on June 19, 2018.
             Was a High Priest of Trog.
             Slain by an eight-headed hydra (12 damage)
             ... on level 5 of the Lair of Beasts on June 20, 2018.
             The game lasted 00:39:34 (14843 turns).

nikopol the Severer (Minotaur Berserker)           Turns: 14843, Time: 00:39:35

Health: -2/178     AC: 13    Str: 29    XL:     13   Next: 59%
Magic:  12/12      EV: 14    Int:  4    God:    Trog [*****.]
Gold:   545        SH:  0    Dex: 13    Spells: 12/12 levels left

rFire    + . .     SeeInvis .   a - +0 war axe (chop)
rCold    . . .     Gourm    .   (no shield)
rNeg     . . .     Faith    .   S - +3 scale mail
rPois    .         Spirit   .   (helmet restricted)
rElec    .         Reflect  .   H - +0 cloak
rCorr    +         Harm     .   (no gloves)
MR       .....                  (no boots)
Stlth    ..........             L - amulet of regeneration
HPRegen  0.79/turn              n - ring of protection from fire
MPRegen  0.13/turn              B - ring of resist corrosion

@: berserking, very quick
A: retaliatory headbutt, horns 2
a: Berserk, Trog's Hand, Brothers in Arms, Renounce Religion


You were on level 5 of the Lair of Beasts.
You worshipped Trog.
Trog was extremely pleased with you.
You were hungry.

You visited 2 branches of the dungeon, and saw 14 of its levels.
You also visited: Ice Cave.

You collected 1078 gold pieces.
You spent 533 gold pieces at shops.

Inventory:

Hand Weapons
 a - a +0 war axe of chopping (weapon)
 l - a cursed -1 war axe
 z - a +3 longbow of flaming
 U - a +0 shortbow
Missiles
 h - 118 arrows
Armour
 b - a +0 animal skin
 w - a +0 scale mail
 H - a +0 cloak (worn)
 S - a +3 scale mail (worn)
Jewellery
 e - an uncursed amulet of rage {unknown}
 n - a ring of protection from fire (left hand)
 B - a ring of resist corrosion (right hand)
 L - an amulet of regeneration (around neck)
 T - an uncursed ring of see invisible
Wands
 f - a wand of flame (74)
 x - a wand of polymorph (23)
 y - a wand of iceblast (10)
 C - a wand of acid (7)
 F - a wand of digging (9)
 I - a wand of paralysis (22)
 W - a wand of enslavement (13)
Scrolls
 i - 3 scrolls of blinking
 j - a scroll of noise {unknown}
 k - 5 scrolls of magic mapping
 p - 4 scrolls of enchant armour
 q - 7 scrolls of teleportation
 s - 8 scrolls of remove curse
 u - 4 scrolls of amnesia {unknown}
 v - 2 scrolls of random uselessness {unknown}
 A - 2 scrolls of enchant weapon
 G - 4 scrolls of fear {unknown}
 J - a scroll of brand weapon {unknown}
 P - a scroll of summoning {unknown}
 R - a scroll of fog {unknown}
Potions
 d - 5 potions of brilliance
 g - 4 potions of might
 m - 3 potions of haste
 o - 2 potions of agility
 r - 10 potions of curing
 t - 2 potions of flight {unknown}
 D - 3 potions of cancellation {unknown}
 E - 2 potions of heal wounds {unknown}
 K - a potion of resistance {unknown}
 M - a potion of magic {unknown}
 N - a potion of berserk rage {unknown}
 O - a potion of ambrosia {unknown}
 Q - a potion of mutation {unknown}
 V - a potion of lignification {unknown}
Comestibles
 c - 32 rations
 X - 4 chunks of flesh


   Skills:
 + Level 12.9 Fighting
 * Level 16.0 Axes
 * Level 12.2 Bows
 + Level 11.4 Armour
 + Level 6.9 Dodging
 + Level 2.0 Stealth


You had 12 spell levels left.
You didn't know any spells.
Your spell library was empty.

Dungeon Overview and Level Annotations

Branches:
Dungeon (9/15)             Temple (0/1) D:4            Lair (5/6) D:8
 Shoals (0/4) Lair:2       Spider (0/4) Lair:2        Slime (0/5) Lair:5
    Orc: D:9-12

Altars:
Cheibriados
Kikubaaqudgha
Makhleb
Trog
Uskayaw

Shops:
D:9 ?(?


Innate Abilities, Weirdness & Mutations

You reflexively headbutt those who attack you in melee.
You have a pair of horns on your head.


Message History

* * * LOW HITPOINT WARNING * * *
The eight-headed hydra misses you.
The eight-headed hydra closely misses you.
A red film seems to cover your vision as you go berserk!
You feel yourself moving faster!
You feel mighty!
You are feeling hungry.
The eight-headed hydra bites you!
* * * LOW HITPOINT WARNING * * *
The eight-headed hydra bites you.
* * * LOW HITPOINT WARNING * * *
The eight-headed hydra bites you!
* * * LOW HITPOINT WARNING * * *
The eight-headed hydra bites you.
* * * LOW HITPOINT WARNING * * *
The eight-headed hydra bites you but does no damage.
The eight-headed hydra bites you!
* * * LOW HITPOINT WARNING * * *
The eight-headed hydra barely misses you.
The eight-headed hydra bites you!
You die...

* ##.(..)...........*,,***, #
*#...(.............,,,,,,, **
*#...((.............*,,,*,, ,**
#..#..(.........!.♣.,,,,,,, ,,*
##.....(............*,,,*,, ,,*
##.....(...........,,,,,,, ,**
****#P................,,>,,,,
*****,*#..................,,,,,,,
,,,,,*,.##......@.........*,,,*,*
,,,,,,,,,.......D.......♣.,,,,,,*
,,,,,,,,,.....(.(........♣,,,,,*,
,,,,,,,,,..........(......,,,,,**
,,,,,,,,,....#P....P.#.###*,,***
,,,,,,,,,....##(...!P### *,,**
,,,,,,,,,...**#.....## **,,*
,,,,,,,,,..,**(.....#* *,,*
,,,,,,,,,,,,,*,,,,,*,* ***,**


You could see an eight-headed hydra.

Vanquished Creatures
  A frost giant (IceCv)
  A dire elephant (Lair:5)
  3 hydras
  9 death yaks
  12 elephants (Lair:5)
  An ice statue (IceCv)
  3 black mambas
  A merfolk siren (Lair:2)
  A torpor snail (Lair:4)
  A gargoyle (D:7)
  3 rime drakes (Lair:5)
  8 spiny frogs
  7 komodo dragons
  3 merfolk (Lair:2)
  16 polar bears
  Prince Ribbit (D:6)
  7 hippogriffs
  2 spriggans
  3 wyverns
  15 yaks
  4 hungry ghosts
  9 water moccasins
  Edmund (D:4)
  6 porcupines
  Duvessa (D:7)
  A sky beast (D:7)
  3 black bears
  A necrophage (D:6)
  2 orc warriors
  25 wolves
  3 ogres
  A centaur (D:7)
  12 crocodiles
  19 bullfrogs
  Dowan (D:7)
  2 scorpions
  4 howler monkeys
  3 crimson imps
  2 quasits
  2 jellies
  2 centaur skeletons
  A centaur zombie (D:9)
  3 hounds (D:8)
  2 bullfrog skeletons
  4 orc wizards
  An iguana (D:6)
  A hell rat (Lair:1)
  2 worker ants
  A worker ant zombie (D:7)
  17 gnolls
  3 adders
  4 shadow imps
  3 adder zombies
  3 worms
  5 dart slugs
  7 leopard geckos
  28 orcs
  6 bats
  6 giant cockroaches
  7 hobgoblins
  2 jackals (D:1)
  2 quokkas
  5 frilled lizards
  5 goblins
  4 kobolds
  A quokka skeleton (D:7)
  8 rats
  A bush (D:4)
  A fungus (Lair:2)
  2 plants (Lair:2)
337 creatures vanquished.

Vanquished Creatures (others)
  2 polar bears (IceCv)
  A human (D:2)
  A wolf (IceCv)
  3 fungi
  16 plants
23 creatures vanquished.

Grand Total: 360 creatures vanquished

Notes
Turn   | Place    | Note
-------+----------+-------------------------------------------
     0 | D:1      | nikopol the Minotaur Berserker began the quest for the Orb.
     0 | D:1      | Reached XP level 1. HP: 19/19 MP: 0/0
   225 | D:1      | Reached XP level 2. HP: 23/27 MP: 1/1
   232 | D:1      | Reached skill level 4 in Axes
   497 | D:1      | Reached ** piety under Trog
   605 | D:2      | Reached XP level 3. HP: 33/33 MP: 2/2
   664 | D:2      | Reached XP level 4. HP: 26/41 MP: 3/3
   733 | D:2      | Found an ancient bone altar of Kikubaaqudgha.
   738 | D:2      | Noticed a human
   740 | D:2      | Killed a human
  1063 | D:2      | Reached skill level 5 in Axes
  2438 | D:4      | Reached XP level 5. HP: 46/47 MP: 4/4
  2442 | D:4      | Reached *** piety under Trog
  2771 | D:4      | Found a staircase to the Ecumenical Temple.
  2825 | D:4      | Reached skill level 5 in Fighting
  2830 | D:4      | Reached skill level 6 in Axes
  2954 | D:4      | Noticed Edmund
  2961 | D:4      | Killed Edmund
  2961 | D:4      | Reached XP level 6. HP: 56/56 MP: 5/5
  3395 | D:5      | Entered Level 5 of the Dungeon
  3444 | D:5      | Reached skill level 7 in Axes
  3606 | D:5      | Reached XP level 7. HP: 48/61 MP: 6/6
  3835 | D:5      | Found a burning altar of Makhleb.
  4069 | D:5      | Reached skill level 8 in Axes
  4219 | D:6      | Reached skill level 5 in Armour
  4219 | D:6      | Reached skill level 1 in Stealth
  4453 | D:6      | Noticed Prince Ribbit
  4461 | D:6      | Killed Prince Ribbit
  4461 | D:6      | Reached XP level 8. HP: 54/70 MP: 7/7
  4662 | D:6      | Reached skill level 9 in Axes
  5091 | D:6      | Reached **** piety under Trog
  5302 | D:7      | Noticed Duvessa
  5302 | D:7      | Noticed Dowan
  5328 | D:7      | Killed Duvessa
  5329 | D:7      | Killed Dowan
  5333 | D:7      | Reached skill level 10 in Axes
  5505 | D:7      | Reached XP level 9. HP: 74/79 MP: 8/8
  5613 | D:7      | Reached skill level 1 in Bows
  5789 | D:7      | Noticed a gargoyle
  5797 | D:7      | Killed a gargoyle
  6417 | D:8      | Reached skill level 5 in Dodging
  6526 | D:8      | Found a staircase to the Lair.
  6531 | D:8      | Reached skill level 11 in Axes
  6680 | D:8      | Reached ***** piety under Trog
  6982 | D:8      | Reached XP level 10. HP: 84/88 MP: 9/9
  7074 | D:8      | Reached skill level 5 in Bows
  7205 | D:9      | Found Qoanwoich's Weapon Shop.
  7221 | D:9      | Found Zyoday's Magic Scroll Shop.
  7232 | D:9      | Bought a scroll of enchant armour for 105 gold pieces
  7302 | D:9      | Found a hide-covered altar of Uskayaw.
  7569 | D:9      | Found Unoul's Magic Scroll Shoppe.
  7581 | D:9      | Bought a scroll of teleportation for 39 gold pieces
  7581 | D:9      | Bought a scroll of enchant weapon for 97 gold pieces
  7581 | D:9      | Bought 3 scrolls of enchant weapon for 292 gold pieces
  7647 | D:9      | Noticed a moth of wrath
  7649 | D:9      | Found a bloodstained altar of Trog.
  8041 | Lair:1   | Entered Level 1 of the Lair of Beasts
  8141 | Lair:1   | Found a snail-covered altar of Cheibriados.
  8214 | Lair:1   | Noticed a spiny frog
  8214 | Lair:1   | Noticed a spiny frog
  8221 | Lair:1   | Killed a spiny frog
  8345 | Lair:1   | Noticed a spiny frog
  8352 | Lair:1   | Killed a spiny frog
  8816 | Lair:1   | Received a gift from Trog
  8816 | Lair:1   | Reached skill level 12 in Axes
  8930 | Lair:2   | Killed a spiny frog
  8964 | Lair:2   | Noticed a spiny frog
  8972 | Lair:2   | Killed a spiny frog
  8990 | Lair:2   | Found a hole to the Spider Nest.
  9006 | Lair:2   | Reached XP level 11. HP: 99/99 MP: 10/10
  9167 | Lair:2   | Noticed a death yak
  9168 | Lair:2   | Noticed a death yak
  9169 | Lair:2   | Noticed a death yak
  9172 | Lair:2   | Noticed a death yak
  9174 | Lair:2   | Noticed a death yak
  9176 | Lair:2   | Noticed a death yak
  9182 | Lair:2   | Killed a death yak
  9182 | Lair:2   | Reached skill level 10 in Fighting
  9210 | Lair:1   | Killed a death yak
  9394 | Lair:2   | Killed a death yak
  9408 | Lair:2   | Killed a death yak
  9409 | Lair:2   | Killed a death yak
  9409 | Lair:2   | Reached skill level 10 in Armour
  9414 | Lair:2   | Killed a death yak
  9720 | Lair:2   | Reached skill level 13 in Axes
 10006 | Lair:2   | Found a staircase to the Shoals.
 10583 | Lair:3   | Reached XP level 12. HP: 110/110 MP: 11/11
 11140 | Lair:4   | Received a gift from Trog
 11229 | Lair:4   | Noticed a six-headed hydra
 11274 | Lair:4   | Reached skill level 10 in Bows
 11325 | Lair:4   | Reached skill level 14 in Axes
 11326 | Lair:4   | Upgraded the game from 0.22-a0-515-g75794bf to 0.22-a0-525-gf69a080
 11532 | Lair:4   | Noticed an eight-headed hydra
 11633 | Lair:4   | Killed a 12-headed hydra
 11969 | Lair:4   | Killed a six-headed hydra
 12422 | Lair:5   | Found a frozen archway.
 12458 | IceCv    | Entered an ice cave
 12894 | IceCv    | Received a gift from Trog
 13100 | IceCv    | Reached ****** piety under Trog
 13100 | IceCv    | Reached skill level 15 in Axes
 13134 | IceCv    | Noticed a death yak
 13153 | IceCv    | Killed a death yak
 13274 | IceCv    | Reached XP level 13. HP: 109/119 MP: 12/12
 13601 | IceCv    | Noticed a frost giant
 13644 | IceCv    | Killed a frost giant
 14147 | IceCv    | Got a transparent lapis lazuli ring
 14321 | Lair:5   | Identified the ring "Loagh" {Int+3 Stlth+} (You found it in an ice cave)
 14678 | Lair:5   | Noticed a dire elephant
 14698 | Lair:5   | Killed a dire elephant
 14698 | Lair:5   | Reached skill level 16 in Axes
 14843 | Lair:5   | Slain by an eight-headed hydra

Vault maps used:
D:1:      dpeg_arrival_boxorama
D:2:      serial_forest, infiniplex_forest_corner_1, infiniplex_forest_lined_2,
          infiniplex_forest_clump_tiny, infiniplex_forest_lined_4_way,
          infiniplex_forest_zigzag_2, infiniplex_forest_lined_3_way,
          infiniplex_forest_clump_long, infiniplex_forest_clump_tiny,
          first_ration, tgw_kikubaaqudgha
D:4:      minmay_temple_entry_trees, serial_forest,
          infiniplex_forest_straight_4, infiniplex_forest_lined_2,
          infiniplex_forest_lined_room_2, infiniplex_forest_clump_double,
          infiniplex_forest_zigzag_2, infiniplex_forest_3_way,
          minmay_misc_feat_roman, uniq_edmund
D:5:      bloody_makhleb
D:6:      kennysheep_generic_room_11, uniq_prince_ribbit1
D:7:      uniq_duvessa
D:8:      grunt_lair_entry_orc_guard_hut
D:9:      tgw_trog, serial_shops, nicolae_shop_stone, shop_fountains, shop,
          basic_altar, the_bakery
Lair:1:   basic_altar, nzn_random_ring, lemuel_fruit_tree
Lair:2:   elwin_shoals_entry_stream, spider_nest_entry_web_field,
          hibernation_bobbens
Lair:3:   serial_bayou_pond_b
Lair:4:   serial_forest, infiniplex_forest_straight_4, infiniplex_forest_end_2,
          infiniplex_forest_3_way, infiniplex_forest_lined_room_3,
          infiniplex_forest_clump_diagonal, infiniplex_forest_straight_2
Lair:5:   beast_lair_carwin_large_3, dpeg_slime_entry_enclosed_altar,
          portal_ice_cave_rime, grunt_forest_stairs_clearing
IceCv:    ice_cave_caverns_03

Skill      XL: |  1  2  3  4  5  6  7  8  9 10 11 12 13 |
---------------+----------------------------------------+-----
Axes           | 4 5 6 7 8 10 11 12 13 15 16 | 16.0
Fighting       | 4 5 6 7 8 9 11 12 | 12.9
Dodging        | 3 4 5 6 |  6.9
Armour         | 3 4 5 7 8 9 10 11 | 11.4
Stealth        | 1 2 |  2.0
Bows           | 4 7 9 11 12 | 12.2

Action                   |  1- 3 |  4- 6 |  7- 9 | 10-12 | 13-15 || total
-------------------------+-------+-------+-------+-------+-------++-------
Melee: Hand axe          |    48 |   157 |       |       |       ||   205
       Headbutt          |     4 |    54 |    39 |   119 |    31 ||   247
       War axe           |       |    18 |   160 |   465 |    92 ||   735
 Fire: Shortbow          |       |       |    99 |   227 |       ||   326
       Longbow           |       |       |       |    12 |   104 ||   116
Invok: Berserk           |     1 |     3 |     6 |     8 |     3 ||    21
  Use: Scroll            |       |       |    11 |     6 |     1 ||    18
       Potion            |       |       |       |     1 |     1 ||     2
 Stab: Distracted        |     1 |       |       |       |       ||     1
  Eat: Chunk             |       |    10 |    17 |    20 |     4 ||    51
       Ration            |       |     1 |       |     3 |     1 ||     5
Armor: Animal skin       |     6 |    10 |       |       |       ||    16
       Scale mail        |       |    19 |    80 |   187 |    41 ||   327
Dodge: Dodged            |    21 |    82 |   110 |   283 |    77 ||   573

Table legend:
 A = Spawn XP
 B = Non-spawn XP
 C = Spawn XP percentage of total XP
 D = Spawn monster count
 E = Non-spawn monster count
 F = Spawn count percentage of total count
 G = Total turns spent on level
                    A         B        C        D         E        F      G
               +---------+---------+-------+---------+---------+-------+---------
         Total |       0 |   53642 |   0.0 |       0 |     334 |   0.0 | 14843
               +---------+---------+-------+---------+---------+-------+---------
           D:1 |       0 |      38 |   0.0 |       0 |      21 |   0.0 |   590
           D:2 |       0 |     107 |   0.0 |       0 |      22 |   0.0 |   864
           D:3 |       0 |      19 |   0.0 |       0 |      10 |   0.0 |   774
           D:4 |       0 |     342 |   0.0 |       0 |      21 |   0.0 |  1312
           D:5 |       0 |     709 |   0.0 |       0 |      20 |   0.0 |   671
           D:6 |       0 |    1048 |   0.0 |       0 |      23 |   0.0 |  1111
           D:7 |       0 |    1648 |   0.0 |       0 |      22 |   0.0 |  1061
           D:8 |       0 |    1712 |   0.0 |       0 |      27 |   0.0 |   853
           D:9 |       0 |    1076 |   0.0 |       0 |      13 |   0.0 |   805
        Lair:1 |       0 |    4110 |   0.0 |       0 |      17 |   0.0 |   958
        Lair:2 |       0 |    8253 |   0.0 |       0 |      17 |   0.0 |  1309
        Lair:3 |       0 |    4828 |   0.0 |       0 |      24 |   0.0 |   907
        Lair:4 |       0 |    6485 |   0.0 |       0 |      27 |   0.0 |  1172
        Lair:5 |       0 |   11266 |   0.0 |       0 |      30 |   0.0 |   664
         IceCv |       0 |   12001 |   0.0 |       0 |      40 |   0.0 |  1792
               +---------+---------+-------+---------+---------+-------+---------
